Map: Cerulean Fall LE

Players

HuT - Winner!

  • Race: Terran Terran
  • Spawn Location: 7:00

Clem

  • Race: Terran Terran
  • Spawn Location: 1:00

Event: WCS Montreal 2018

VOD

Have the link to the VOD?

Description

Time

  • Played on: Sept. 7, 2018, 8:20 p.m.
  • Length: 13:03

All games in this series

Show
View Real Time Build Order
Export as new Build Order

HuT Terran - Winner!

Build Orders: Cyclone Opening, Bio Tank 

Get SALT Encoding   

  12  0:00  SCV  
  13  0:13  SCV  
  14  0:18  Supply Depot  
  14  0:25  SCV  
  14  0:28  Refinery  
  15  0:39  SCV  
  16  0:45  Barracks  
  16  0:51  SCV  
  16  0:55  Refinery  
  17  1:03  SCV  
  18  1:15  SCV  
  19  1:32  Factory, Orbital Command  
  19  1:36  Reaper  
  20  1:46  Supply Depot  
  20  1:57  SCV  
  21  2:08  Reaper  
  21  2:10  SCV  
  21  2:15  Cyclone  
  26  2:31  Command Center  
  26  2:33  SCV  
  27  2:42  Supply Depot  
  27  2:44  Barracks Reactor  
  27  2:45  SCV  
  28  2:53  Cyclone  
  31  3:03  SCV  
  32  3:08  Starport  
  32  3:16  SCV  
  33  3:20  Marine x2  
  35  3:27  Factory Tech Lab  
  35  3:28  SCV  
  36  3:38  Marine x2  
  36  3:40  SCV  
  39  3:42  Orbital Command  
  38  3:53  SCV  
  39  3:55  Raven  
  39  3:56  Marine x2  
  39  3:58  Factory Tech Lab  
  43  4:05  SCV, Supply Depot  
  44  4:10  SCV  
  44  4:15  Marine x2  
  47  4:17  SCV, Siege Tank  
  47  4:21  Supply Depot  
  47  4:23  SCV  
  51  4:29  SCV  
  52  4:31  Barracks x2  
  52  4:36  SCV  
  52  4:38  Refinery  
  53  4:49  Starport Reactor, Siege Tank  
  53  4:52  Marine  
  57  4:53  SCV x2  
  57  4:59  Engineering Bay  
  59  5:00  Refinery  
  59  5:04  Supply Depot  
  59  5:05  SCV x2  
  61  5:12  Marine  
  61  5:13  Stimpack  
  62  5:17  SCV x2  
  62  5:19  Supply Depot  
  64  5:29  SCV x2  
  64  5:30  Starport Reactor  
  64  5:31  Siege Tank  
  64  5:33  Marine x4  
  73  5:38  Marine  
  73  5:40  Terran Infantry Weapons Level 1  
  74  5:43  Supply Depot  
  74  5:50  Barracks, Marine  
  74  5:54  Barracks  
  74  5:57  Supply Depot  
  75  5:58  SCV  
  75  6:00  SCV  
  77  6:05  Siege Tank  
  77  6:08  Medivac  
  77  6:10  Medivac  
  84  6:14  Marine  
  84  6:15  Marine x2  
  84  6:16  Marine  
  88  6:21  SCV x2  
  89  6:31  Marine, Supply Depot  
  89  6:32  Marine x2  
  90  6:33  Marine x2  
  90  6:37  Siege Tank  
  90  6:39  Barracks Reactor  
  97  6:40  Barracks Reactor  
  97  6:48  Supply Depot  
  97  6:52  Medivac x2  
  97  6:53  Marine x4  
  105  6:54  Marine  
  105  6:59  Supply Depot  
  106  7:04  Supply Depot  
  105  7:10  Siege Tank  
  105  7:11  Marine x3  
  111  7:16  Combat Shields  
  111  7:17  Marine x4  
  111  7:22  Medivac  
  117  7:24  Medivac  
  117  7:27  Marine x2  
  121  7:32  Marine x2  
  121  7:35  Marine x3  
  126  7:45  Marine x4  
  126  7:50  Marine x2  
  131  7:54  Medivac  
  131  7:55  Marine  
  134  8:00  Supply Depot  
  134  8:12  Terran Infantry Armor Level 1  
  134  8:14  Supply Depot  
  134  8:17  Supply Depot  
  134  8:21  Medivac, Marine x7  
  134  8:22  Supply Depot  
  125  8:41  Marine x7  
  114  8:49  Marine  
  114  8:51  Marine  
  113  8:59  Marine  
  113  9:02  Marine x2  
  114  9:04  Marine  
  114  9:09  Marine x5  
  91  9:17  Marine  
  91  9:19  Siege Tank  
  91  9:20  Medivac, Marine x2  
  91  9:22  Marine  
  100  9:27  Marine x5  
  100  9:31  Medivac  
  107  9:34  Marine  
  107  9:38  Marine x2  
  109  9:40  Marine  
  109  9:44  Marine  
  109  9:45  Marine x2  
  114  9:47  Marine  
  114  9:48  Marine  
  114  9:52  Marine, Siege Tank  
  119  9:56  Marine x2  
  119  9:57  Marine  
  123  10:02  Medivac x2, Marine  
  123  10:03  Marine x2  
  123  10:05  Marine x2  
  132  10:10  Marine  
  132  10:13  Marine  
  133  10:25  Siege Tank  
  136  10:30  Marine x6  
  140  10:43  Marine  
  140  10:44  Marine x2  
  142  10:54  Marine  
  140  10:57  Siege Tank  
  140  10:58  Medivac  
  140  10:59  Medivac  
  140  11:01  Marine x3  
  148  11:04  Orbital Command  
  148  11:12  Marine x6  
  154  11:19  Marine x3  
  157  11:30  Marine x3  
  157  11:31  Siege Tank  
  163  11:38  Medivac  
  165  11:47  Medivac  
  165  11:51  Marine x7  
  146  11:55  Marine  
  146  11:56  Marine  
  133  12:08  Medivac  
  135  12:09  Marine x2  
  135  12:10  Marine  
  125  12:17  Marine x6  
  131  12:26  Marine  
  131  12:27  Marine  
  129  12:34  Marine  
  129  12:35  Marine x2  
Show
View Real Time Build Order
Export as new Build Order

Clem Terran 

Build Orders: Gas First Reaper Expand, Reaper Expand, Bio Tank 

Get SALT Encoding   

  12  0:01  SCV  
  13  0:13  SCV  
  14  0:17  Supply Depot  
  14  0:25  SCV  
  15  0:29  Refinery  
  15  0:39  SCV  
  15  0:41  Barracks  
  16  0:46  Refinery  
  16  0:51  SCV  
  17  1:03  SCV  
  18  1:15  SCV  
  19  1:30  Reaper, Orbital Command  
  20  1:45  Command Center  
  20  1:56  Supply Depot  
  20  1:57  SCV  
  21  2:02  Marine  
  22  2:10  Bunker  
  22  2:14  SCV  
  23  2:20  Factory  
  23  2:24  Barracks Reactor  
  23  2:27  SCV  
  24  2:33  Refinery  
  23  2:39  SCV  
  24  2:52  SCV  
  24  2:57  Orbital Command  
  25  3:02  Marine x2  
  27  3:05  Factory Tech Lab, Starport  
  27  3:10  SCV  
  28  3:20  Marine x2  
  28  3:22  SCV  
  28  3:23  SCV  
  32  3:33  Factory Tech Lab  
  33  3:34  SCV  
  33  3:37  Supply Depot  
  33  3:38  SCV  
  33  3:40  Marine x2  
  36  3:46  SCV  
  37  3:51  SCV  
  38  3:56  Raven  
  38  4:00  Marine x2  
  38  4:02  SCV  
  43  4:03  Cyclone, SCV  
  47  4:14  SCV  
  47  4:15  Supply Depot  
  47  4:16  SCV  
  48  4:18  Marine x2  
  50  4:26  SCV  
  50  4:28  Command Center  
  50  4:30  SCV  
  52  4:35  Supply Depot  
  55  4:39  SCV  
  55  4:42  Raven  
  55  4:43  Marine x2  
  57  4:46  SCV  
  57  4:49  Supply Depot  
  57  4:51  SCV  
  59  4:53  Refinery  
  59  4:54  Refinery  
  59  4:58  SCV  
  60  5:00  Barracks  
  60  5:01  Barracks  
  60  5:06  SCV  
  61  5:07  Engineering Bay  
  61  5:10  Engineering Bay  
  61  5:14  SCV  
  62  5:18  SCV  
  62  5:19  Marine x2  
  65  5:23  Siege Tank  
  65  5:26  SCV  
  69  5:30  SCV  
  69  5:33  Starport Reactor, Supply Depot  
  70  5:37  Marine x2  
  70  5:38  SCV  
  70  5:40  Terran Infantry Armor Level 1, Terran Infantry Weapons Level 1  
  73  5:49  Orbital Command  
  73  5:53  Barracks Reactor  
  73  5:56  SCV x2  
  75  5:58  Siege Tank  
  75  6:00  Stimpack, Marine  
  75  6:02  Marine x2  
  81  6:10  Supply Depot  
  81  6:13  SCV x2  
  81  6:16  SCV  
  81  6:18  Marine  
  85  6:19  Marine  
  85  6:20  Supply Depot  
  85  6:25  SCV  
  87  6:29  Marine x3  
  87  6:30  Siege Tank  
  93  6:33  Supply Depot  
  93  6:35  Medivac  
  93  6:36  Marine  
  93  6:37  Medivac  
  93  6:38  Marine  
  98  6:44  Armory  
  98  6:46  Supply Depot  
  98  6:47  Marine x3  
  101  6:55  Marine x2, Supply Depot  
  103  7:02  Siege Tank  
  103  7:05  Marine x3  
  108  7:11  Medivac  
  108  7:16  Marine x2  
  108  7:17  Supply Depot  
  108  7:20  Medivac  
  112  7:23  Marine  
  112  7:27  Barracks x2  
  113  7:34  Siege Tank  
  116  7:37  Marine x2  
  116  7:38  Marine x2  
  116  7:39  Supply Depot  
  120  7:47  Marine  
  120  7:50  SCV x2  
  120  7:51  Orbital Command  
  123  7:55  Terran Infantry Weapons Level 2, Marine x3  
  125  8:06  Siege Tank  
  125  8:07  Missile Turret  
  125  8:08  Missile Turret  
  128  8:13  Marine  
  128  8:14  SCV x2, Missile Turret  
  128  8:15  Marine  
  128  8:16  Missile Turret  
  131  8:23  SCV  
  131  8:26  SCV  
  133  8:29  Sensor Tower  
  133  8:34  Marine x2  
  131  8:39  Siege Tank  
  131  8:40  SCV  
  131  8:41  SCV  
  124  8:42  Marine  
  124  8:44  Marine  
  124  8:48  Marine x2  
  90  8:49  Marine  
  90  8:52  Marine x2  
  90  8:58  Orbital Command  
  90  9:00  Marine  
  90  9:02  Marine  
  81  9:06  Marine x2  
  81  9:07  Marine  
  81  9:09  SCV, Marine  
  67  9:11  Siege Tank  
  60  9:33  SCV x2  
  60  9:35  SCV  
  63  9:39  Combat Shields  
  63  9:41  Marine  
  63  9:43  Marine  
  63  9:45  SCV  
  66  9:49  Marine x3  
  66  9:50  Marine  
  70  9:54  SCV x2  
  71  10:01  Marine x3  
  71  10:05  Siege Tank  
  77  10:08  Barracks Reactor x2  
  77  10:14  Viking x2  
  77  10:18  Marine x2  
  83  10:21  Marine x2  
  83  10:27  Marine  
  83  10:36  Marine x2  
  83  10:39  Marine x2  
  83  10:41  Siege Tank  
  90  10:44  Marine x3  
  90  10:45  Marine  
  93  10:54  Marine x3  
  82  10:57  Marine x2  
  82  11:02  Marine x3  
  82  11:03  Marine, Viking  
  90  11:07  Viking  
  91  11:11  Marine  
  91  11:12  Marine x2  
  91  11:15  Marine x2  
  92  11:26  Siege Tank  
  92  11:28  Marine x2  
  92  11:29  Marine  
  92  11:32  Marine x4  
  102  11:33  Marine  
  102  11:35  Marine  
  104  11:47  Viking  
  104  11:52  Marine  
  78  11:57  Marine x2  
  78  11:58  Marine x2  
  78  11:59  Marine x2  
  78  12:01  Orbital Command  
  74  12:12  Marine  
  74  12:15  Marine  
  59  12:19  Marine x7  
  66  12:30  Marine  
  66  12:33  Marine  
  66  12:36  Marine  
  66  12:37  Marine x2  
Tags
 
Add a new tag
Caveats
  • Supply blocks, unpowered buildings, or Contaminate may cause inaccurate times.
  • Supply counts are checked every 10 seconds.